 Dungeon Crawl Stone Soup version 0.18.1-2-ga659475 (webtiles) character file.

58 Gingerlord the Skirmisher (level 3, 0/29 HPs)
             Began as a Demonspawn Fighter on May 9, 2016.
             Succumbed to an adder's poison
             ... on level 2 of the Dungeon.
             The game lasted 00:01:41 (1258 turns).

Gingerlord the Skirmisher (Demonspawn Fighter)      Turns: 1258, Time: 00:01:41

Health: 0/29       AC:  7    Str: 16    XL:     3   Next: 75%
Magic:  3/3        EV:  7    Int:  9    God:
Gold:   55         SH:  9    Dex: 13    Spells: 0 memorised, 2 levels left

rFire  . . .     SeeInvis .     a - +0 war axe
rCold  . . .     Gourm    .     b - +0 scale mail
rNeg   . . .     Faith    .     c - +0 shield
rPois  .         Spirit   .     (helmet restricted)
rElec  .         Dismiss  .     (no cloak)
rCorr  .         Reflect  .     (no gloves)
SustAt .         Harm     .     (no boots)
MR     .....                    (no amulet)
Stlth  ..........               (no ring)
                                (no ring)

@: lethally poisoned (0 -> -7), not resistant to hostile enchantments, extremely
unstealthy
A: claws 1, horns 1, shaggy fur 1
a: no special abilities


You were on level 2 of the Dungeon.
You were not hungry.

You visited 1 branch of the dungeon, and saw 2 of its levels.

You collected 55 gold pieces.

Inventory:

Hand Weapons
 a - a +0 war axe (weapon)
Armour
 b - a +0 scale mail (worn)
 c - a +0 shield (worn)
Scrolls
 e - a scroll of magic mapping {unknown}
 g - a scroll of fear {unknown}
 j - 2 scrolls of immolation {unknown}
 k - a scroll of enchant armour {unknown}
 m - a scroll of remove curse {unknown}
 o - a scroll of blinking {unknown}
Potions
 d - 2 potions of might
Comestibles
 f - a bread ration
 i - a meat ration
 n - a beef jerky


   Skills:
 + Level 3.6 Fighting
 + Level 2.1 Axes
 + Level 3.0 Armour
 + Level 1.1 Dodging
 + Level 3.0 Shields


You had 2 spell levels left.
You didn't know any spells.

Dungeon Overview and Level Annotations

Branches:
Dungeon (2/15)

Altars:


Innate Abilities, Weirdness & Mutations

You have sharp fingernails.
You have a pair of small horns on your head.
You are covered in fur (AC +1).


Message History

It was a potion of cancellation.
You feel magically purged.
* * * LOW HITPOINT WARNING * * *
You feel sick. The adder closely misses you. The adder barely misses you.
You hit the adder.
The adder is moderately wounded.
* * * LOW HITPOINT WARNING * * *
You feel sick. You block the adder's attack.
Your shield prevents you from hitting the adder.
The adder is moderately wounded.
* * * LOW HITPOINT WARNING * * *
You feel sick. You block the adder's attack.
The adder bites you but does no damage.
You barely miss the adder.
The adder is moderately wounded.
The adder bites you.
* * * LOW HITPOINT WARNING * * *
The adder bites you but does no damage.
Drink which item? (? for menu, Esc to quit)
Okay, then.
You die...

#.... .... ....... ##.>.. .... .
#.....###...... ... ..
.......##.#....###.. ...
.......<........... ....
.................. ...#
...............†)##..>.#
......<..........)S...#
..............#.@######
.<...............#
.†...............#
#...............####
.............##....#### #########
.............#####....###........
.............# ####....>.......
.............## #####.<((.)..
........†###..##########.........


You could see an adder.

Vanquished Creatures
  An adder (D:1)
  2 worms (D:2)
  A dart slug (D:1)
  A giant cockroach (D:1)
  3 goblins
  4 hobgoblins (D:1)
  4 jackals (D:1)
  6 kobolds
  A ball python (D:2)
  5 bats (D:1)
  5 giant newts
  9 rats
42 creatures vanquished.

Notes
Turn   | Place    | Note
--------------------------------------------------------------
     0 | D:1      | Gingerlord the Demonspawn Fighter began the quest for the Orb.
     0 | D:1      | Reached XP level 1. HP: 18/18 MP: 1/1
    36 | D:1      | Gained mutation: You have a pair of small horns on your head. [demonic ancestry]
    36 | D:1      | Reached XP level 2. HP: 13/24 MP: 2/2
   515 | D:1      | Reached skill level 1 in Dodging
   848 | D:1      | Gained mutation: You have sharp fingernails. [demonic ancestry]
   848 | D:1      | Reached XP level 3. HP: 29/29 MP: 3/3
  1253 | D:2      | Gained mutation: You are covered in fur (AC +1). [potion of beneficial mutation]
  1257 | D:2      | HP: 1/29 [adder (2)]
  1258 | D:2      | Succumbed to an adder's poison

Skill      XL: |  1  2  3 |
---------------+----------+-----
Axes           | 2 |  2.1
Dodging        | 1 |  1.1
Armour         | 3 |  3.0
Shields        | 3 |  3.0
Fighting       | |  3.6

Action                   || total
-------------------------++-------
Melee: War axe           ||   123
       Headbutt          ||    12
  Use: Potion            ||     2
  Eat: Chunk             ||     1
Armor: Scale mail        ||    79
Dodge: Dodged            ||    41
Block: Shield            ||    61
